[ AOE2 MATCH · #468235938 ]
UnrankedFranks vs Chinese
[ REPLAY ANALYSIS · EXTRACTED FROM THE RECORDED GAME ]
Feudal
11:20
Castle
22:55
Imperial
—
| APM avg | 25.7 |
| APM peak | 74 |
| eAPM avg | 13.3 |
| Villagers / military | 71 / 45 |
Focus
⚔️ 19.6% · 🌾 80.4%
Knight ×37 · Scout Cavalry ×5 · Spearman ×3
Feudal
9:24
Castle
20:57
Imperial
38:22
| APM avg | 54.6 |
| APM peak | 98 |
| eAPM avg | 25.2 |
| Villagers / military | 80 / 87 |
Focus
⚔️ 41.4% · 🌾 58.6%
Archer ×84 · Trebuchet (Packed) ×2 · Iron Pagoda ×1
Feudal
9:03
Castle
25:50
Imperial
—
| APM avg | 25.3 |
| APM peak | 60 |
| eAPM avg | 17.5 |
| Villagers / military | 83 / 119 |
Focus
⚔️ 38.8% · 🌾 61.2%
Archer ×91 · Skirmisher ×25 · Battering Ram ×2 · Mangonel ×1
Feudal
10:06
Castle
23:42
Imperial
36:35
| APM avg | 22.4 |
| APM peak | 51 |
| eAPM avg | 12.1 |
| Villagers / military | 112 / 29 |
Focus
⚔️ 34.8% · 🌾 65.2%
Knight ×15 · Scout Cavalry ×13 · Throwing Axeman ×1
Feudal
12:16
Castle
18:59
Imperial
37:25
| APM avg | 26.7 |
| APM peak | 87 |
| eAPM avg | 11.4 |
| Villagers / military | 69 / 24 |
Focus
⚔️ 22.5% · 🌾 77.5%
Knight ×21 · Trebuchet (Packed) ×2 · Monk ×1
Feudal
—
Castle
—
Imperial
—
| APM avg | 39.8 |
| APM peak | 114 |
| eAPM avg | 24.8 |
| Villagers / military | 106 / 100 |
Focus
⚔️ 17.6% · 🌾 82.4%
Karambit Warrior ×86 · Battle Elephant ×7 · Scorpion ×6 · Trebuchet (Packed) ×1
Feudal
—
Castle
—
Imperial
—
| APM avg | 34.1 |
| APM peak | 67 |
| eAPM avg | 18.2 |
| Villagers / military | 118 / 127 |
Focus
⚔️ 28.5% · 🌾 71.5%
Archer ×116 · Berserk ×5 · Trebuchet (Packed) ×3 · Skirmisher ×2 · Spearman ×1
Feudal
10:59
Castle
27:01
Imperial
—
| APM avg | 29.2 |
| APM peak | 96 |
| eAPM avg | 17.9 |
| Villagers / military | 125 / 80 |
Focus
⚔️ 29.8% · 🌾 70.2%
Archer ×70 · Skirmisher ×10
Match map
Initial resources + every placement click. Lines = walls · curves = elevation contours. ◆ gold · ⬟ stone · ● berries · ✦ relic · ◌ wall gap
Your base· Open — 5t gap
[KNOBI]Faultier321's base· ✓ Closed at 20:57 · 37t walls · no gate
kingrog's base· ✓ Closed at 25:50 · 63t walls · 2 gate(s)
Moe's base· Open — 10t gap
Osman1453's base· ✓ Closed at 18:59 · 54t walls · 1 gate(s)
JohnnyHeatrs's base· Open — unwalled flank
TheAurelSan's base· Open — unwalled flank
doncath44's base· ✓ Closed at 27:01 · 64t walls · 1 gate(s)
Smoothed initial terrain · ◌ = detected wall gap · hover for details
Inputs per minute
— kingthom - - [KNOBI]Faultier321
Build order — kingthom
First 150 of 209 actions detected
| 0:02 | Create | Villager (Male) |
| 0:02 | Create | Villager (Male) |
| 0:02 | Create | Villager (Male) |
| 0:03 | Create | Villager (Male) |
| 0:04 | Build | House |
| 0:06 | Build | House |
| 0:08 | Build | House |
| 1:35 | Create | Villager (Male) |
| 2:15 | Create | Villager (Male) |
| 2:15 | Create | Villager (Male) |
| 2:17 | Create | Villager (Male) |
| 2:17 | Create | Villager (Male) |
| 2:57 | Create | Villager (Male) |
| 3:06 | Create | Villager (Male) |
| 4:21 | Create | Villager (Male) |
| 4:32 | Build | Lumber Camp |
| 4:36 | Create | Villager (Male) |
| 4:50 | Create | Villager (Male) |
| 5:12 | Create | Villager (Male) |
| 5:26 | Create | Villager (Male) |
| 5:59 | Build | Mill |
| 6:21 | Create | Villager (Male) |
| 6:46 | Create | Villager (Male) |
| 7:03 | Build | House |
| 7:09 | Create | Villager (Male) |
| 7:28 | Create | Villager (Male) |
| 7:37 | Create | Villager (Male) |
| 7:51 | Build | Mill |
| 7:58 | Create | Villager (Male) |
| 8:02 | Build | House |
| 8:48 | Build | Mining Camp |
| 8:51 | Build | House |
| 9:10 | Research | Feudal Age |
| 9:29 | Build | House |
| 10:12 | Create | Villager (Male) |
| 10:39 | Build | Palisade Wall |
| 10:45 | Build | Barracks |
| 10:48 | Create | Villager (Male) |
| 11:03 | Create | Villager (Male) |
| 11:18 | Create | Villager (Male) |
| 11:20 | Age | Feudal Age |
| 11:45 | Build | Stable |
| 11:48 | Create | Villager (Male) |
| 12:24 | Build | Stone Wall |
| 12:26 | Create | Villager (Male) |
| 12:43 | Build | Blacksmith |
| 12:56 | Create | Scout Cavalry |
| 12:57 | Create | Scout Cavalry |
| 13:02 | Create | Spearman |
| 13:10 | Create | Villager (Male) |
| 13:32 | Research | Forging |
| 13:37 | Build | Stone Wall |
| 13:54 | Build | Gate |
| 14:08 | Build | Stone Wall |
| 14:10 | Create | Villager (Male) |
| 14:15 | Create | Scout Cavalry |
| 14:16 | Create | Scout Cavalry |
| 14:23 | Create | Villager (Male) |
| 14:31 | Build | Farm |
| 14:32 | Build | Farm |
| 14:32 | Build | Farm |
| 14:32 | Build | Farm |
| 14:33 | Build | Farm |
| 14:39 | Create | Villager (Male) |
| 14:43 | Create | Scout Cavalry |
| 15:19 | Create | Villager (Male) |
| 15:35 | Build | Farm |
| 15:37 | Build | Farm |
| 15:46 | Build | Farm |
| 15:47 | Build | Farm |
| 15:47 | Build | Farm |
| 15:47 | Build | Farm |
| 15:48 | Build | Farm |
| 15:55 | Create | Villager (Male) |
| 16:05 | Build | House |
| 16:08 | Build | House |
| 16:28 | Build | Mining Camp |
| 16:31 | Create | Villager (Male) |
| 17:16 | Create | Villager (Male) |
| 17:17 | Create | Villager (Male) |
| 17:21 | Build | Farm |
| 17:25 | Build | Farm |
| 17:25 | Build | Farm |
| 17:26 | Build | Farm |
| 17:32 | Create | Villager (Male) |
| 18:01 | Build | Farm |
| 18:03 | Build | Farm |
| 18:35 | Build | Farm |
| 18:43 | Build | House |
| 18:45 | Build | House |
| 18:56 | Build | Farm |
| 18:59 | Create | Villager (Male) |
| 19:01 | Create | Villager (Male) |
| 19:14 | Build | Market |
| 19:17 | Create | Villager (Male) |
| 19:41 | Build | Farm |
| 20:07 | Research | Castle Age |
| 20:12 | Build | House |
| 20:31 | Build | Stone Wall |
| 20:43 | Research | Double-Bit Axe |
| 20:49 | Create | Villager (Male) |
| 20:52 | Research | Stone Mining |
| 21:05 | Create | Spearman |
| 21:05 | Create | Spearman |
| 21:22 | Create | Villager (Male) |
| 22:55 | Age | Castle Age |
| 23:17 | Create | Villager (Male) |
| 23:34 | Create | Knight |
| 23:34 | Create | Knight |
| 23:40 | Build | Stable |
| 23:42 | Create | Villager (Male) |
| 24:26 | Create | Villager (Male) |
| 24:26 | Create | Villager (Male) |
| 24:32 | Build | Stable |
| 24:46 | Build | Stable |
| 24:49 | Research | Husbandry |
| 24:53 | Research | Iron Casting |
| 24:54 | Research | Scale Barding Armor |
| 24:59 | Create | Knight |
| 24:59 | Create | Knight |
| 24:59 | Create | Knight |
| 25:00 | Create | Knight |
| 25:07 | Create | Villager (Male) |
| 25:07 | Create | Villager (Male) |
| 25:15 | Build | Town Center |
| 25:29 | Create | Knight |
| 25:29 | Create | Knight |
| 25:33 | Build | House |
| 25:39 | Research | Gold Mining |
| 25:47 | Create | Knight |
| 25:47 | Create | Knight |
| 25:47 | Create | Knight |
| 25:47 | Create | Knight |
| 25:54 | Build | House |
| 25:56 | Build | House |
| 27:07 | Research | Chain Barding Armor |
| 27:24 | Create | Knight |
| 27:25 | Create | Knight |
| 27:25 | Create | Knight |
| 27:30 | Create | Villager (Male) |
| 27:30 | Create | Villager (Male) |
| 27:31 | Create | Villager (Male) |
| 27:31 | Create | Villager (Male) |
| 27:33 | Research | Wheelbarrow |
| 28:02 | Create | Knight |
| 28:08 | Build | Mining Camp |
| 29:27 | Build | Farm |
| 29:36 | Create | Knight |
| 29:37 | Create | Knight |
| 29:37 | Create | Knight |
Build order — [KNOBI]Faultier321
First 150 of 279 actions detected
| 0:01 | Research | Loom |
| 0:41 | Create | Villager (Male) |
| 1:12 | Create | Villager (Male) |
| 1:32 | Create | Villager (Male) |
| 2:00 | Create | Villager (Male) |
| 2:23 | Create | Villager (Male) |
| 2:47 | Create | Villager (Male) |
| 3:03 | Build | House |
| 3:03 | Build | Palisade Wall |
| 3:08 | Build | Lumber Camp |
| 3:21 | Create | Villager (Male) |
| 3:39 | Create | Villager (Male) |
| 3:56 | Create | Villager (Male) |
| 4:26 | Create | Villager (Male) |
| 4:47 | Create | Villager (Male) |
| 5:09 | Build | Mining Camp |
| 5:15 | Build | House |
| 5:27 | Create | Villager (Male) |
| 5:45 | Create | Villager (Male) |
| 5:55 | Build | Palisade Wall |
| 5:57 | Build | Palisade Wall |
| 6:14 | Create | Villager (Male) |
| 6:42 | Create | Villager (Male) |
| 6:47 | Build | Mill |
| 7:14 | Research | Feudal Age |
| 7:53 | Build | Palisade Wall |
| 8:07 | Build | Barracks |
| 8:16 | Build | Farm |
| 8:36 | Build | House |
| 9:03 | Build | House |
| 9:21 | Build | Farm |
| 9:24 | Age | Feudal Age |
| 9:26 | Build | Archery Range |
| 9:29 | Research | Double-Bit Axe |
| 9:30 | Create | Villager (Male) |
| 9:54 | Create | Villager (Male) |
| 10:07 | Create | Archer |
| 10:12 | Build | House |
| 10:16 | Create | Villager (Male) |
| 10:33 | Build | Archery Range |
| 10:43 | Create | Villager (Male) |
| 10:46 | Create | Archer |
| 10:57 | Build | Farm |
| 11:07 | Build | House |
| 11:10 | Build | Palisade Wall |
| 11:13 | Create | Villager (Male) |
| 11:17 | Create | Archer |
| 11:24 | Create | Archer |
| 11:28 | Build | House |
| 11:32 | Build | Palisade Wall |
| 11:39 | Build | House |
| 11:40 | Create | Villager (Male) |
| 11:43 | Build | Farm |
| 11:58 | Create | Archer |
| 12:00 | Create | Archer |
| 12:05 | Create | Villager (Male) |
| 12:12 | Build | Farm |
| 12:36 | Create | Villager (Male) |
| 12:38 | Create | Archer |
| 12:38 | Create | Archer |
| 12:57 | Build | Blacksmith |
| 13:00 | Create | Villager (Male) |
| 13:10 | Create | Archer |
| 13:14 | Create | Archer |
| 13:22 | Create | Villager (Male) |
| 13:31 | Build | Farm |
| 13:43 | Create | Archer |
| 13:47 | Create | Archer |
| 13:52 | Create | Villager (Male) |
| 14:01 | Build | Farm |
| 14:04 | Research | Fletching |
| 14:07 | Create | Villager (Male) |
| 14:16 | Build | Farm |
| 14:21 | Create | Archer |
| 14:37 | Create | Archer |
| 14:41 | Create | Villager (Male) |
| 14:44 | Build | Farm |
| 14:53 | Research | Padded Archer Armor |
| 14:58 | Build | Farm |
| 15:12 | Create | Archer |
| 15:12 | Create | Archer |
| 15:40 | Create | Villager (Male) |
| 15:43 | Research | Wheelbarrow |
| 15:44 | Research | Wheelbarrow |
| 15:47 | Build | House |
| 15:48 | Build | House |
| 16:05 | Build | House |
| 16:08 | Build | Farm |
| 16:09 | Build | Farm |
| 16:40 | Create | Archer |
| 16:41 | Create | Archer |
| 16:44 | Create | Archer |
| 16:44 | Create | Archer |
| 16:50 | Build | Farm |
| 16:56 | Build | House |
| 16:57 | Build | Palisade Wall |
| 17:22 | Create | Villager (Male) |
| 17:23 | Create | Villager (Male) |
| 17:51 | Build | Farm |
| 17:55 | Build | Farm |
| 18:17 | Research | Castle Age |
| 18:18 | Create | Archer |
| 18:18 | Create | Archer |
| 19:02 | Create | Archer |
| 19:03 | Create | Archer |
| 19:08 | Research | Gold Mining |
| 19:19 | Build | Lumber Camp |
| 19:43 | Create | Archer |
| 19:43 | Create | Archer |
| 19:54 | Build | Palisade Wall |
| 19:59 | Build | House |
| 20:07 | Build | Lumber Camp |
| 20:17 | Research | Horse Collar |
| 20:25 | Create | Archer |
| 20:26 | Create | Archer |
| 20:57 | Age | Castle Age |
| 20:58 | Build | House |
| 21:00 | Research | Bodkin Arrow |
| 21:02 | Research | Crossbowman (upgrade) |
| 21:03 | Create | Archer |
| 21:09 | Build | University |
| 21:20 | Create | Villager (Male) |
| 21:20 | Create | Villager (Male) |
| 21:27 | Build | House |
| 21:34 | Build | House |
| 21:49 | Research | Ballistics |
| 22:03 | Create | Archer |
| 22:05 | Create | Villager (Male) |
| 22:05 | Create | Villager (Male) |
| 22:07 | Research | Bow Saw |
| 22:28 | Build | Palisade Wall |
| 22:39 | Create | Archer |
| 22:40 | Create | Archer |
| 22:43 | Create | Villager (Male) |
| 22:43 | Create | Villager (Male) |
| 22:50 | Build | Town Center |
| 23:06 | Build | Farm |
| 23:12 | Build | Farm |
| 23:14 | Create | Archer |
| 23:15 | Create | Archer |
| 23:24 | Build | Farm |
| 23:33 | Build | Farm |
| 23:43 | Create | Archer |
| 23:44 | Create | Archer |
| 23:54 | Build | Farm |
| 24:13 | Research | Tech 908 |
| 24:14 | Create | Archer |
| 24:15 | Create | Archer |
| 24:54 | Create | Villager (Male) |
| 24:54 | Create | Villager (Male) |
Build order — kingrog
First 150 of 312 actions detected
| 0:01 | Create | Villager (Male) |
| 0:02 | Create | Villager (Male) |
| 0:02 | Create | Villager (Male) |
| 0:02 | Create | Villager (Male) |
| 0:04 | Build | House |
| 0:05 | Build | House |
| 1:07 | Create | Villager (Male) |
| 1:44 | Create | Villager (Male) |
| 1:47 | Build | Lumber Camp |
| 2:07 | Create | Villager (Male) |
| 2:07 | Create | Villager (Male) |
| 2:33 | Create | Villager (Male) |
| 2:52 | Create | Villager (Male) |
| 3:05 | Build | House |
| 3:07 | Create | Villager (Male) |
| 3:29 | Create | Villager (Male) |
| 3:53 | Create | Villager (Male) |
| 3:54 | Create | Villager (Male) |
| 4:43 | Create | Villager (Male) |
| 4:44 | Create | Villager (Male) |
| 4:44 | Create | Villager (Male) |
| 5:02 | Research | Loom |
| 5:32 | Create | Villager (Male) |
| 5:33 | Create | Villager (Male) |
| 5:38 | Build | House |
| 6:19 | Build | Mill |
| 6:53 | Research | Feudal Age |
| 7:06 | Build | Barracks |
| 7:26 | Create | Villager (Male) |
| 7:48 | Build | Palisade Wall |
| 8:31 | Build | Palisade Wall |
| 8:45 | Build | Palisade Wall |
| 8:50 | Build | Palisade Wall |
| 8:53 | Create | Villager (Male) |
| 9:01 | Build | Mining Camp |
| 9:03 | Age | Feudal Age |
| 9:05 | Create | Villager (Male) |
| 9:12 | Build | Archery Range |
| 9:22 | Build | Palisade Wall |
| 9:38 | Research | Double-Bit Axe |
| 9:56 | Create | Villager (Male) |
| 10:12 | Build | House |
| 10:12 | Build | House |
| 10:15 | Create | Archer |
| 10:16 | Create | Archer |
| 10:23 | Build | Palisade Gate |
| 10:27 | Create | Villager (Male) |
| 10:32 | Build | Palisade Wall |
| 10:35 | Create | Villager (Male) |
| 10:45 | Create | Archer |
| 11:01 | Create | Archer |
| 11:07 | Create | Villager (Male) |
| 11:27 | Create | Archer |
| 11:36 | Create | Archer |
| 11:37 | Create | Villager (Male) |
| 11:44 | Create | Villager (Male) |
| 12:10 | Build | Blacksmith |
| 12:15 | Build | Palisade Wall |
| 12:18 | Create | Villager (Male) |
| 12:38 | Build | House |
| 12:43 | Create | Villager (Male) |
| 12:46 | Create | Archer |
| 12:47 | Create | Archer |
| 12:47 | Create | Archer |
| 12:58 | Build | House |
| 13:01 | Build | House |
| 13:08 | Build | House |
| 13:11 | Create | Villager (Male) |
| 13:13 | Create | Archer |
| 13:34 | Research | Fletching |
| 13:45 | Build | Farm |
| 14:03 | Create | Villager (Male) |
| 14:05 | Build | Farm |
| 14:22 | Create | Archer |
| 14:22 | Create | Archer |
| 14:46 | Build | Farm |
| 14:49 | Create | Villager (Male) |
| 14:49 | Create | Villager (Male) |
| 14:51 | Create | Archer |
| 15:06 | Build | Farm |
| 15:17 | Create | Villager (Male) |
| 15:17 | Create | Villager (Male) |
| 15:59 | Build | Gate |
| 16:02 | Create | Skirmisher |
| 16:04 | Build | Farm |
| 16:05 | Build | Farm |
| 16:06 | Build | Farm |
| 16:08 | Build | Farm |
| 16:16 | Create | Skirmisher |
| 16:16 | Create | Skirmisher |
| 16:30 | Build | Farm |
| 16:31 | Build | Farm |
| 16:36 | Create | Villager (Male) |
| 16:36 | Create | Villager (Male) |
| 16:48 | Build | House |
| 16:50 | Build | House |
| 16:57 | Build | House |
| 16:59 | Build | House |
| 17:21 | Build | Farm |
| 17:21 | Build | Farm |
| 17:21 | Build | Farm |
| 17:42 | Create | Skirmisher |
| 17:49 | Build | Palisade Wall |
| 18:25 | Create | Villager (Male) |
| 18:26 | Create | Villager (Male) |
| 18:26 | Create | Villager (Male) |
| 18:38 | Create | Skirmisher |
| 18:38 | Create | Skirmisher |
| 18:58 | Build | Watch Tower |
| 19:03 | Create | Skirmisher |
| 19:09 | Create | Villager (Male) |
| 19:10 | Build | Farm |
| 19:33 | Create | Villager (Male) |
| 19:39 | Build | Farm |
| 20:03 | Build | Palisade Gate |
| 20:08 | Build | House |
| 20:17 | Build | Farm |
| 20:22 | Create | Villager (Male) |
| 20:30 | Build | Farm |
| 20:44 | Create | Archer |
| 20:44 | Create | Archer |
| 20:51 | Build | Archery Range |
| 20:57 | Create | Villager (Male) |
| 20:57 | Create | Villager (Male) |
| 21:21 | Build | Lumber Camp |
| 21:30 | Build | House |
| 21:31 | Build | House |
| 21:39 | Create | Villager (Male) |
| 21:44 | Create | Archer |
| 21:47 | Create | Archer |
| 22:12 | Create | Villager (Male) |
| 22:17 | Create | Archer |
| 22:17 | Create | Archer |
| 22:28 | Create | Villager (Male) |
| 22:36 | Create | Archer |
| 22:36 | Create | Archer |
| 23:10 | Research | Castle Age |
| 23:13 | Create | Archer |
| 23:14 | Create | Archer |
| 23:35 | Create | Archer |
| 23:35 | Create | Archer |
| 23:50 | Research | Horse Collar |
| 23:51 | Research | Gold Mining |
| 23:59 | Create | Archer |
| 24:24 | Create | Archer |
| 24:25 | Create | Archer |
| 24:25 | Create | Archer |
| 24:25 | Create | Archer |
| 24:36 | Build | Mining Camp |
| 25:01 | Create | Skirmisher |
Build order — Moe
First 150 of 266 actions detected
| 0:01 | Create | Villager (Male) |
| 0:01 | Create | Villager (Male) |
| 0:01 | Create | Villager (Male) |
| 0:02 | Create | Villager (Male) |
| 0:02 | Create | Villager (Male) |
| 0:04 | Build | House |
| 0:06 | Build | House |
| 1:38 | Create | Villager (Male) |
| 1:58 | Build | Lumber Camp |
| 2:09 | Create | Villager (Male) |
| 2:41 | Create | Villager (Male) |
| 2:48 | Create | Villager (Male) |
| 3:46 | Create | Villager (Male) |
| 3:46 | Create | Villager (Male) |
| 4:24 | Build | House |
| 4:36 | Create | Villager (Male) |
| 4:36 | Create | Villager (Male) |
| 5:07 | Create | Villager (Male) |
| 5:16 | Build | House |
| 5:41 | Build | Mill |
| 5:47 | Create | Villager (Male) |
| 6:12 | Create | Villager (Male) |
| 6:13 | Create | Villager (Male) |
| 6:59 | Create | Villager (Male) |
| 7:28 | Create | Villager (Male) |
| 7:52 | Research | Feudal Age |
| 8:34 | Build | Barracks |
| 10:06 | Age | Feudal Age |
| 10:07 | Create | Villager (Male) |
| 10:07 | Create | Villager (Male) |
| 10:20 | Build | Stable |
| 10:26 | Create | Villager (Male) |
| 10:33 | Build | House |
| 10:35 | Build | House |
| 10:37 | Build | House |
| 11:08 | Create | Villager (Male) |
| 11:08 | Create | Villager (Male) |
| 11:17 | Create | Scout Cavalry |
| 11:18 | Create | Scout Cavalry |
| 11:18 | Create | Scout Cavalry |
| 11:18 | Create | Scout Cavalry |
| 11:19 | Create | Scout Cavalry |
| 11:33 | Build | Blacksmith |
| 11:38 | Create | Villager (Male) |
| 11:43 | Build | Farm |
| 11:59 | Build | Farm |
| 12:25 | Create | Villager (Male) |
| 12:40 | Build | Farm |
| 12:43 | Build | Farm |
| 12:46 | Build | Farm |
| 13:05 | Research | Loom |
| 13:18 | Build | Mining Camp |
| 14:07 | Create | Villager (Male) |
| 14:07 | Create | Villager (Male) |
| 14:11 | Build | Farm |
| 14:14 | Build | Farm |
| 14:14 | Build | Farm |
| 14:14 | Build | Farm |
| 14:15 | Build | Farm |
| 14:17 | Build | Farm |
| 14:17 | Build | Farm |
| 14:17 | Build | Farm |
| 14:18 | Build | Farm |
| 14:39 | Create | Villager (Male) |
| 14:39 | Create | Villager (Male) |
| 14:42 | Build | Farm |
| 14:50 | Create | Villager (Male) |
| 16:05 | Create | Villager (Male) |
| 16:05 | Create | Villager (Male) |
| 16:06 | Create | Villager (Male) |
| 16:14 | Build | Farm |
| 16:14 | Build | Farm |
| 16:26 | Build | Stone Wall |
| 16:32 | Build | Stone Wall |
| 17:15 | Create | Villager (Male) |
| 17:15 | Create | Villager (Male) |
| 17:18 | Build | Farm |
| 17:22 | Build | Farm |
| 17:36 | Create | Villager (Male) |
| 17:42 | Build | House |
| 18:01 | Build | Farm |
| 18:07 | Research | Wheelbarrow |
| 18:07 | Create | Villager (Male) |
| 18:08 | Create | Villager (Male) |
| 18:08 | Create | Villager (Male) |
| 18:30 | Create | Villager (Male) |
| 18:42 | Build | Gate |
| 19:11 | Build | House |
| 19:12 | Build | House |
| 19:13 | Build | House |
| 19:14 | Build | House |
| 19:21 | Build | House |
| 19:31 | Build | Stone Wall |
| 20:04 | Build | Farm |
| 20:09 | Build | Farm |
| 20:15 | Research | Double-Bit Axe |
| 20:32 | Build | Stone Wall |
| 20:40 | Build | Mining Camp |
| 20:50 | Build | Farm |
| 20:53 | Research | Castle Age |
| 21:29 | Build | House |
| 21:30 | Build | House |
| 21:32 | Build | House |
| 21:34 | Build | House |
| 21:44 | Build | Palisade Gate |
| 21:50 | Build | Palisade Wall |
| 22:32 | Build | Stable |
| 22:34 | Build | Stable |
| 22:35 | Build | Stable |
| 22:37 | Build | Stable |
| 23:05 | Create | Villager (Male) |
| 23:05 | Create | Villager (Male) |
| 23:05 | Create | Villager (Male) |
| 23:06 | Create | Villager (Male) |
| 23:10 | Create | Scout Cavalry |
| 23:11 | Create | Scout Cavalry |
| 23:12 | Create | Scout Cavalry |
| 23:12 | Create | Scout Cavalry |
| 23:12 | Create | Scout Cavalry |
| 23:12 | Create | Scout Cavalry |
| 23:13 | Create | Scout Cavalry |
| 23:13 | Create | Scout Cavalry |
| 23:42 | Age | Castle Age |
| 23:50 | Build | Town Center |
| 24:57 | Build | Watch Tower |
| 25:13 | Create | Villager (Male) |
| 25:13 | Create | Villager (Male) |
| 25:14 | Create | Villager (Male) |
| 25:14 | Create | Villager (Male) |
| 25:14 | Create | Villager (Male) |
| 25:16 | Create | Villager (Male) |
| 25:16 | Create | Villager (Male) |
| 25:30 | Research | Bow Saw |
| 25:55 | Build | Gate |
| 26:22 | Build | Palisade Wall |
| 26:34 | Build | Palisade Wall |
| 26:40 | Research | Hand Cart |
| 26:40 | Create | Villager (Male) |
| 26:40 | Create | Villager (Male) |
| 26:40 | Create | Villager (Male) |
| 26:41 | Create | Villager (Male) |
| 26:50 | Build | Lumber Camp |
| 27:09 | Create | Knight |
| 27:10 | Create | Knight |
| 27:10 | Create | Knight |
| 27:10 | Create | Knight |
| 27:24 | Create | Villager (Male) |
| 27:25 | Create | Villager (Male) |
| 27:25 | Create | Villager (Male) |
| 27:48 | Research | Scale Barding Armor |
Build order — Osman1453
First 150 of 213 actions detected
| 0:02 | Create | Villager (Male) |
| 0:06 | Build | House |
| 0:07 | Build | House |
| 0:22 | Research | Loom |
| 0:23 | Create | Villager (Male) ×3 |
| 1:35 | Create | Villager (Male) |
| 2:18 | Create | Villager (Male) |
| 3:10 | Create | Villager (Male) |
| 3:10 | Create | Villager (Male) |
| 4:09 | Build | House |
| 4:42 | Create | Villager (Male) |
| 4:43 | Create | Villager (Male) |
| 4:54 | Build | House |
| 5:01 | Create | Villager (Male) |
| 5:13 | Create | Villager (Male) |
| 6:11 | Build | Mill |
| 6:15 | Create | Villager (Male) |
| 6:29 | Create | Villager (Male) |
| 7:08 | Create | Villager (Male) |
| 7:32 | Build | Lumber Camp |
| 7:43 | Create | Villager (Male) |
| 7:56 | Build | Farm |
| 7:57 | Build | Farm |
| 7:58 | Build | Farm |
| 8:01 | Create | Villager (Male) |
| 8:01 | Create | Villager (Male) |
| 8:52 | Create | Villager (Male) |
| 8:57 | Build | Farm |
| 9:16 | Create | Villager (Male) |
| 9:30 | Build | House |
| 9:36 | Build | House |
| 9:40 | Build | Barracks |
| 9:57 | Build | Farm |
| 10:06 | Research | Feudal Age |
| 10:59 | Build | Palisade Wall |
| 11:12 | Build | Palisade Wall |
| 11:29 | Build | Palisade Wall |
| 11:38 | Create | Villager (Male) |
| 11:51 | Build | Palisade Wall |
| 12:06 | Create | Villager (Male) |
| 12:06 | Create | Villager (Male) |
| 12:16 | Age | Feudal Age |
| 12:28 | Build | Mining Camp |
| 12:45 | Build | Palisade Gate |
| 12:53 | Build | Palisade Wall |
| 13:02 | Build | Palisade Wall |
| 13:14 | Build | Farm |
| 13:14 | Build | Farm |
| 13:38 | Build | Palisade Wall |
| 13:54 | Build | Lumber Camp |
| 14:06 | Create | Villager (Male) |
| 14:06 | Create | Villager (Male) |
| 14:07 | Create | Villager (Male) |
| 14:48 | Build | Stable |
| 15:23 | Build | Blacksmith |
| 15:29 | Create | Villager (Male) |
| 15:30 | Create | Villager (Male) |
| 15:42 | Build | Farm |
| 15:42 | Build | Farm |
| 15:49 | Build | Farm |
| 16:13 | Build | Farm |
| 16:16 | Research | Castle Age |
| 16:27 | Build | Farm |
| 16:45 | Research | Forging |
| 16:55 | Build | House |
| 17:01 | Build | House |
| 17:44 | Research | Double-Bit Axe |
| 18:03 | Build | Farm |
| 18:05 | Build | Farm |
| 18:15 | Create | Villager (Male) |
| 18:23 | Build | Farm |
| 18:24 | Build | Farm |
| 18:31 | Create | Villager (Male) |
| 18:59 | Age | Castle Age |
| 19:02 | Build | Town Center |
| 19:25 | Build | Town Center |
| 19:47 | Create | Villager (Male) |
| 19:49 | Build | Farm |
| 19:52 | Create | Villager (Male) |
| 19:53 | Create | Villager (Male) |
| 19:56 | Research | Husbandry |
| 19:57 | Create | Knight |
| 19:57 | Create | Knight |
| 19:57 | Create | Knight |
| 20:22 | Build | Farm |
| 20:29 | Build | Farm |
| 20:34 | Create | Villager (Male) |
| 20:41 | Research | Scale Barding Armor |
| 20:58 | Build | Farm |
| 21:03 | Create | Villager (Male) |
| 21:03 | Create | Villager (Male) |
| 21:14 | Build | Farm |
| 21:14 | Build | Farm |
| 21:15 | Build | Farm |
| 21:16 | Build | Farm |
| 21:16 | Build | Farm |
| 21:16 | Build | Farm |
| 21:23 | Build | Farm |
| 21:23 | Build | Farm |
| 21:23 | Build | Farm |
| 21:24 | Build | Farm |
| 21:38 | Create | Knight |
| 22:09 | Build | Palisade Wall |
| 22:12 | Build | Palisade Gate |
| 22:30 | Create | Villager (Male) |
| 22:30 | Create | Villager (Male) |
| 22:30 | Create | Villager (Male) |
| 22:35 | Build | Farm |
| 22:36 | Build | Farm |
| 22:38 | Build | Farm |
| 22:38 | Build | Farm |
| 22:39 | Build | Farm |
| 22:41 | Build | Farm |
| 22:57 | Create | Knight |
| 22:57 | Create | Knight |
| 23:09 | Research | Chain Barding Armor |
| 23:17 | Create | Villager (Male) |
| 23:17 | Create | Villager (Male) |
| 23:47 | Build | Mining Camp |
| 23:52 | Create | Villager (Male) |
| 23:53 | Create | Villager (Male) |
| 23:53 | Create | Villager (Male) |
| 23:58 | Build | Farm |
| 24:17 | Create | Villager (Male) |
| 24:17 | Create | Villager (Male) |
| 25:38 | Create | Knight |
| 25:38 | Create | Knight |
| 25:39 | Create | Knight |
| 25:49 | Build | House |
| 25:50 | Build | House |
| 25:51 | Build | House |
| 25:52 | Build | House |
| 25:55 | Research | Iron Casting |
| 26:18 | Build | House |
| 26:19 | Build | House |
| 26:21 | Build | House |
| 26:34 | Build | Stone Wall |
| 27:18 | Build | Stone Wall |
| 27:21 | Build | Gate |
| 27:34 | Build | Stone Wall |
| 28:17 | Build | Stone Wall |
| 28:20 | Build | Gate |
| 28:21 | Build | Gate |
| 28:54 | Create | Villager (Male) |
| 28:54 | Create | Villager (Male) |
| 28:55 | Create | Villager (Male) |
| 28:58 | Research | Gold Mining |
| 29:01 | Research | Stone Mining |
| 29:49 | Create | Villager (Male) |
| 29:49 | Create | Villager (Male) |
Build order — JohnnyHeatrs
First 150 of 292 actions detected
| 0:01 | Create | Villager (Male) |
| 0:02 | Create | Villager (Male) |
| 0:02 | Create | Villager (Male) |
| 0:04 | Build | House |
| 0:07 | Build | House |
| 0:58 | Create | Villager (Male) |
| 1:33 | Create | Villager (Male) |
| 2:02 | Create | Villager (Male) |
| 2:26 | Create | Villager (Male) |
| 2:33 | Build | Lumber Camp |
| 2:58 | Create | Villager (Male) |
| 2:58 | Create | Villager (Male) |
| 3:30 | Build | House |
| 3:51 | Create | Villager (Male) |
| 3:51 | Create | Villager (Male) |
| 3:51 | Create | Villager (Male) |
| 4:09 | Build | House |
| 4:17 | Create | Villager (Male) |
| 4:53 | Build | Mill |
| 4:59 | Create | Villager (Male) |
| 5:26 | Create | Villager (Male) |
| 5:26 | Create | Villager (Male) |
| 6:15 | Create | Villager (Male) |
| 6:36 | Create | Villager (Male) |
| 6:36 | Create | Villager (Male) |
| 6:51 | Build | House |
| 7:11 | Build | Palisade Wall |
| 7:13 | Create | Villager (Male) |
| 7:41 | Create | Villager (Male) |
| 7:41 | Create | Villager (Male) |
| 8:03 | Create | Villager (Male) |
| 8:14 | Build | Mill |
| 8:28 | Create | Villager (Male) |
| 8:48 | Create | Villager (Male) |
| 9:05 | Create | Villager (Male) |
| 9:29 | Build | House |
| 9:36 | Build | Palisade Wall |
| 10:11 | Build | Mining Camp |
| 10:14 | Research | Loom |
| 10:18 | Research | Feudal Age |
| 10:32 | Build | Farm |
| 10:33 | Build | Farm |
| 10:35 | Build | Farm |
| 10:37 | Build | Farm |
| 11:20 | Build | Palisade Wall |
| 12:23 | Build | Blacksmith |
| 12:41 | Build | Market |
| 12:42 | Create | Villager (Male) |
| 12:59 | Build | Mining Camp |
| 13:12 | Create | Villager (Male) |
| 13:33 | Create | Villager (Male) |
| 14:13 | Research | Castle Age |
| 14:13 | Research | Castle Age |
| 14:31 | Build | Palisade Gate |
| 14:38 | Research | Double-Bit Axe |
| 14:49 | Build | Palisade Wall |
| 14:52 | Build | Palisade Wall |
| 15:14 | Research | Horse Collar |
| 15:18 | Create | Villager (Male) |
| 16:06 | Build | Castle |
| 16:13 | Create | Villager (Male) |
| 16:13 | Create | Villager (Male) |
| 16:47 | Research | Forging |
| 17:09 | Build | Farm |
| 17:10 | Build | Farm |
| 17:20 | Create | Villager (Male) |
| 17:31 | Create | Karambit Warrior ×3 |
| 17:41 | Build | Farm |
| 17:44 | Build | Farm |
| 17:45 | Build | Farm |
| 17:45 | Build | Farm |
| 17:56 | Create | Karambit Warrior ×2 |
| 17:56 | Create | Karambit Warrior |
| 18:17 | Create | Karambit Warrior ×2 |
| 18:17 | Create | Karambit Warrior |
| 18:43 | Create | Karambit Warrior ×4 |
| 18:43 | Create | Karambit Warrior |
| 19:07 | Create | Karambit Warrior ×4 |
| 19:07 | Create | Karambit Warrior |
| 19:11 | Build | Farm |
| 19:11 | Build | Farm |
| 19:12 | Build | Farm |
| 19:12 | Build | Farm |
| 19:12 | Build | Farm |
| 19:12 | Build | Farm |
| 19:48 | Create | Villager (Male) |
| 19:48 | Create | Villager (Male) |
| 19:49 | Create | Villager (Male) |
| 20:04 | Create | Karambit Warrior ×8 |
| 20:04 | Create | Karambit Warrior |
| 20:08 | Build | Farm |
| 20:08 | Build | Farm |
| 20:10 | Build | Farm |
| 20:21 | Create | Villager (Male) |
| 20:30 | Build | House |
| 20:31 | Build | House |
| 20:32 | Build | House |
| 20:32 | Build | House |
| 20:37 | Create | Villager (Male) |
| 20:59 | Create | Karambit Warrior ×5 |
| 20:59 | Create | Karambit Warrior |
| 21:35 | Build | Farm |
| 21:51 | Create | Villager (Male) |
| 21:51 | Create | Villager (Male) |
| 22:03 | Create | Villager (Male) |
| 22:12 | Research | Iron Casting |
| 22:20 | Build | Farm |
| 22:35 | Create | Villager (Male) |
| 22:58 | Create | Villager (Male) |
| 23:23 | Build | Barracks |
| 23:29 | Create | Villager (Male) |
| 23:52 | Build | Town Center |
| 24:05 | Create | Villager (Male) |
| 24:28 | Create | Villager (Male) |
| 24:28 | Create | Villager (Male) |
| 24:45 | Research | Arson |
| 24:51 | Create | Villager (Male) |
| 25:06 | Create | Villager (Male) |
| 25:10 | Create | Karambit Warrior |
| 25:10 | Create | Karambit Warrior |
| 25:13 | Create | Karambit Warrior |
| 25:21 | Create | Villager (Male) |
| 25:49 | Create | Villager (Male) |
| 25:49 | Create | Villager (Male) |
| 25:51 | Create | Villager (Male) |
| 25:51 | Create | Villager (Male) |
| 25:55 | Research | Squires |
| 25:58 | Create | Karambit Warrior ×6 |
| 26:13 | Build | Siege Workshop |
| 26:24 | Create | Villager (Male) |
| 26:24 | Create | Villager (Male) |
| 26:37 | Create | Scorpion |
| 26:37 | Create | Scorpion |
| 26:43 | Build | Farm |
| 26:44 | Build | Farm |
| 26:44 | Build | Farm |
| 26:44 | Build | Farm |
| 26:44 | Build | Farm |
| 26:44 | Build | Stone Wall |
| 26:44 | Build | Farm |
| 26:44 | Build | Farm |
| 26:44 | Build | Farm |
| 26:44 | Build | Farm |
| 26:44 | Build | Farm |
| 26:44 | Build | Farm |
| 26:44 | Build | Farm |
| 26:44 | Build | Farm |
| 26:58 | Create | Villager (Male) |
| 26:58 | Create | Villager (Male) |
| 27:05 | Create | Scorpion |
Build order — TheAurelSan
First 150 of 318 actions detected
| 0:02 | Create | Villager (Male) ×4 |
| 0:04 | Build | House |
| 0:06 | Build | House |
| 1:46 | Create | Villager (Male) |
| 1:46 | Create | Villager (Male) |
| 1:47 | Create | Villager (Male) |
| 2:10 | Create | Villager (Male) |
| 2:24 | Build | Lumber Camp |
| 2:45 | Create | Villager (Male) |
| 3:14 | Create | Villager (Male) |
| 3:15 | Create | Villager (Male) |
| 3:32 | Build | House |
| 3:32 | Create | Villager (Male) |
| 4:15 | Create | Villager (Male) |
| 4:15 | Create | Villager (Male) |
| 4:15 | Create | Villager (Male) |
| 4:21 | Build | Mill |
| 4:51 | Create | Villager (Male) |
| 5:31 | Create | Villager (Male) |
| 5:58 | Create | Villager (Male) |
| 6:02 | Build | House |
| 6:21 | Create | Villager (Male) |
| 6:21 | Create | Villager (Male) |
| 6:21 | Create | Villager (Male) |
| 6:25 | Create | Villager (Male) |
| 6:26 | Create | Villager (Male) |
| 6:39 | Create | Villager (Male) |
| 6:40 | Create | Villager (Male) |
| 7:46 | Research | Loom |
| 7:49 | Build | Mining Camp |
| 8:33 | Research | Feudal Age |
| 8:33 | Research | Feudal Age |
| 9:00 | Build | Barracks |
| 9:02 | Build | House |
| 10:01 | Build | House |
| 10:06 | Build | Palisade Wall |
| 10:18 | Create | Villager (Male) |
| 10:18 | Create | Villager (Male) |
| 10:18 | Create | Villager (Male) |
| 10:31 | Build | House |
| 10:47 | Build | Archery Range |
| 11:05 | Research | Double-Bit Axe |
| 11:07 | Create | Villager (Male) |
| 11:08 | Create | Villager (Male) |
| 11:34 | Create | Archer |
| 11:34 | Create | Archer |
| 11:34 | Create | Archer |
| 12:05 | Build | Blacksmith |
| 12:10 | Create | Archer |
| 12:56 | Build | Archery Range |
| 13:00 | Create | Villager (Male) |
| 13:00 | Create | Villager (Male) |
| 13:01 | Create | Villager (Male) |
| 13:01 | Create | Villager (Male) |
| 13:12 | Research | Fletching |
| 13:21 | Create | Villager (Male) |
| 13:38 | Build | Archery Range |
| 13:44 | Create | Archer |
| 13:45 | Create | Archer |
| 13:45 | Create | Archer |
| 13:57 | Build | Farm |
| 13:58 | Build | Farm |
| 14:03 | Build | House |
| 14:39 | Create | Archer |
| 14:39 | Create | Archer |
| 14:45 | Build | Palisade Wall |
| 14:54 | Build | Palisade Gate |
| 15:00 | Build | Farm |
| 15:02 | Create | Villager (Male) |
| 15:02 | Create | Villager (Male) |
| 15:13 | Create | Archer |
| 15:13 | Create | Archer |
| 15:46 | Create | Villager (Male) |
| 15:52 | Build | Farm |
| 16:29 | Build | House |
| 16:30 | Build | House |
| 16:32 | Create | Villager (Male) |
| 16:32 | Create | Villager (Male) |
| 17:16 | Create | Archer |
| 17:17 | Create | Archer |
| 17:17 | Create | Archer |
| 17:17 | Create | Archer |
| 17:17 | Create | Archer |
| 17:18 | Create | Archer |
| 17:23 | Build | Farm |
| 17:25 | Build | Farm |
| 17:26 | Build | Farm |
| 17:27 | Build | Farm |
| 17:30 | Build | Farm |
| 17:38 | Build | House |
| 17:39 | Build | House |
| 17:44 | Build | Farm |
| 17:50 | Create | Archer |
| 17:53 | Create | Skirmisher |
| 17:55 | Create | Skirmisher |
| 18:00 | Build | House |
| 18:03 | Build | Palisade Gate |
| 18:31 | Build | House |
| 18:37 | Build | Palisade Gate |
| 18:45 | Research | Castle Age |
| 18:45 | Research | Castle Age |
| 18:56 | Create | Archer ×2 |
| 18:56 | Create | Archer ×2 |
| 19:21 | Build | House |
| 19:22 | Build | House |
| 19:26 | Build | Palisade Wall |
| 19:35 | Research | Gold Mining |
| 19:36 | Research | Gold Mining |
| 19:51 | Build | Farm |
| 20:23 | Create | Archer ×5 |
| 20:46 | Build | House |
| 20:47 | Build | House |
| 20:53 | Research | Padded Archer Armor |
| 20:53 | Research | Padded Archer Armor |
| 21:06 | Create | Villager (Male) |
| 21:07 | Create | Villager (Male) |
| 21:07 | Create | Villager (Male) |
| 21:26 | Research | Crossbowman (upgrade) |
| 21:26 | Research | Crossbowman (upgrade) |
| 21:29 | Create | Archer |
| 21:30 | Create | Archer |
| 21:32 | Create | Archer |
| 21:32 | Create | Archer |
| 21:44 | Build | Town Center |
| 22:04 | Build | Town Center |
| 22:10 | Create | Archer ×5 |
| 22:11 | Create | Archer ×5 |
| 22:13 | Build | Farm |
| 22:15 | Create | Villager (Male) |
| 22:19 | Build | Farm |
| 22:32 | Create | Archer |
| 22:32 | Create | Archer |
| 22:32 | Create | Archer |
| 22:35 | Create | Villager (Male) |
| 22:38 | Research | Bow Saw |
| 22:38 | Research | Bow Saw |
| 22:44 | Build | Farm |
| 22:56 | Create | Archer ×2 |
| 22:56 | Create | Archer ×2 |
| 23:14 | Build | Farm |
| 23:17 | Create | Villager (Male) |
| 23:25 | Create | Villager (Male) |
| 23:25 | Create | Villager (Male) |
| 23:25 | Create | Villager (Male) |
| 23:45 | Build | Farm |
| 23:46 | Create | Villager (Male) |
| 23:46 | Create | Villager (Male) |
| 24:23 | Create | Archer |
| 24:23 | Create | Archer |
| 24:23 | Create | Archer |
Build order — doncath44
First 150 of 304 actions detected
| 0:04 | Create | Villager (Male) ×4 |
| 0:05 | Create | Villager (Male) ×4 |
| 0:08 | Build | House |
| 0:11 | Build | House |
| 1:17 | Create | Villager (Male) |
| 1:42 | Create | Villager (Male) |
| 1:43 | Create | Villager (Male) |
| 2:11 | Create | Villager (Male) |
| 2:11 | Create | Villager (Male) |
| 2:11 | Create | Villager (Male) |
| 2:36 | Build | Settlement |
| 2:40 | Create | Villager (Male) |
| 3:10 | Create | Villager (Male) |
| 3:10 | Create | Villager (Male) |
| 3:32 | Create | Villager (Male) |
| 3:32 | Create | Villager (Male) |
| 3:32 | Create | Villager (Male) |
| 3:45 | Create | Villager (Male) |
| 3:45 | Create | Villager (Male) |
| 4:02 | Create | Villager (Male) |
| 4:02 | Create | Villager (Male) |
| 4:02 | Create | Villager (Male) |
| 4:14 | Create | Villager (Male) |
| 4:15 | Create | Villager (Male) |
| 4:47 | Create | Villager (Male) |
| 4:48 | Create | Villager (Male) |
| 4:48 | Create | Villager (Male) |
| 5:13 | Build | House |
| 5:16 | Create | Villager (Male) |
| 5:16 | Create | Villager (Male) |
| 5:16 | Create | Villager (Male) |
| 6:14 | Create | Villager (Male) |
| 6:15 | Create | Villager (Male) |
| 6:15 | Create | Villager (Male) |
| 7:36 | Research | Loom |
| 7:50 | Build | Barracks |
| 8:20 | Build | Settlement |
| 8:31 | Build | Settlement |
| 8:49 | Research | Feudal Age |
| 9:31 | Build | Palisade Wall |
| 9:35 | Build | Palisade Wall |
| 9:38 | Build | Palisade Wall |
| 9:41 | Build | Palisade Wall |
| 10:13 | Build | House |
| 10:23 | Build | Palisade Wall |
| 10:53 | Build | House |
| 10:59 | Age | Feudal Age |
| 11:01 | Create | Villager (Male) |
| 11:01 | Create | Villager (Male) |
| 11:06 | Research | Double-Bit Axe |
| 11:24 | Build | Archery Range |
| 11:28 | Build | Archery Range |
| 11:30 | Create | Villager (Male) |
| 11:36 | Build | House |
| 11:37 | Build | House |
| 11:45 | Create | Villager (Male) |
| 12:07 | Create | Villager (Male) |
| 12:13 | Build | Palisade Wall |
| 12:28 | Create | Villager (Male) |
| 12:42 | Build | Settlement |
| 12:46 | Build | House |
| 12:56 | Build | Blacksmith |
| 12:58 | Create | Villager (Male) |
| 13:19 | Build | House |
| 13:24 | Build | Palisade Wall |
| 13:28 | Build | Palisade Wall |
| 13:32 | Build | Palisade Wall |
| 13:53 | Create | Archer |
| 13:53 | Create | Archer |
| 13:53 | Create | Archer |
| 13:53 | Create | Archer |
| 13:54 | Create | Archer |
| 14:03 | Build | Palisade Wall |
| 14:07 | Build | Palisade Wall |
| 14:08 | Build | Palisade Wall |
| 14:16 | Research | Fletching |
| 14:28 | Build | Palisade Gate |
| 14:33 | Build | House |
| 14:40 | Create | Villager (Male) |
| 14:41 | Create | Villager (Male) |
| 14:49 | Create | Archer |
| 14:49 | Create | Archer |
| 14:50 | Create | Archer |
| 15:03 | Build | House |
| 15:15 | Create | Archer |
| 15:15 | Create | Archer |
| 15:15 | Create | Archer |
| 15:16 | Create | Villager (Male) |
| 15:18 | Build | Farm |
| 15:20 | Build | Farm |
| 16:02 | Build | Watch Tower |
| 16:11 | Create | Archer |
| 16:11 | Create | Archer |
| 16:13 | Create | Villager (Male) |
| 16:18 | Build | Market |
| 17:22 | Create | Archer |
| 17:23 | Create | Archer |
| 17:23 | Create | Archer |
| 17:23 | Create | Archer |
| 17:23 | Create | Archer |
| 17:24 | Create | Villager (Male) |
| 17:26 | Build | Farm |
| 17:27 | Create | Villager (Male) |
| 17:27 | Create | Villager (Male) |
| 17:31 | Research | Horse Collar |
| 17:47 | Build | Archery Range |
| 17:51 | Create | Villager (Male) |
| 18:01 | Research | Gold Mining |
| 18:05 | Build | Farm |
| 18:07 | Build | Farm |
| 18:37 | Create | Villager (Male) |
| 18:38 | Create | Villager (Male) |
| 18:40 | Build | Farm |
| 18:41 | Create | Villager (Male) |
| 19:08 | Create | Archer |
| 19:08 | Create | Archer |
| 19:08 | Create | Archer |
| 19:15 | Research | Padded Archer Armor |
| 19:20 | Create | Archer |
| 19:20 | Create | Archer |
| 19:20 | Create | Archer |
| 19:24 | Build | House |
| 19:26 | Build | House |
| 19:27 | Build | House |
| 19:36 | Create | Villager (Male) |
| 19:39 | Build | Farm |
| 19:41 | Build | Farm |
| 19:54 | Build | House |
| 20:04 | Create | Archer |
| 20:04 | Create | Archer |
| 20:05 | Create | Archer |
| 20:05 | Create | Archer |
| 20:06 | Create | Villager (Male) |
| 20:09 | Build | Farm |
| 20:21 | Create | Archer |
| 20:27 | Create | Villager (Male) |
| 20:30 | Build | Farm |
| 20:31 | Research | Wheelbarrow |
| 20:46 | Build | Farm |
| 20:54 | Build | Farm |
| 21:02 | Create | Archer |
| 21:02 | Create | Archer |
| 21:05 | Create | Villager (Male) |
| 21:14 | Create | Villager (Male) |
| 21:17 | Build | Farm |
| 21:38 | Create | Archer |
| 21:39 | Create | Archer |
| 21:39 | Create | Archer |
| 21:39 | Create | Villager (Male) |
| 21:43 | Build | Farm |
Match timeline
| 3:03 | [KNOBI]Faultier321 · wall_segment Palisade Wall x1 |
| 5:55 | [KNOBI]Faultier321 · wall_segment Palisade Wall x3 |
| 5:57 | [KNOBI]Faultier321 · wall_segment Palisade Wall x8 |
| 7:06 | kingrog · first_building Barracks |
| 7:11 | JohnnyHeatrs · wall_segment Palisade Wall x10 |
| 7:48 | kingrog · wall_segment Palisade Wall x16 |
| 7:50 | doncath44 · first_building Barracks |
| 7:53 | [KNOBI]Faultier321 · wall_segment Palisade Wall x5 |
| 8:07 | [KNOBI]Faultier321 · first_building Barracks |
| 8:31 | kingrog · wall_segment Palisade Wall x10 |
| 8:34 | Moe · first_building Barracks |
| 8:45 | kingrog · wall_segment Palisade Wall x9 |
| 8:50 | kingrog · wall_segment Palisade Wall x1 |
| 9:00 | TheAurelSan · first_building Barracks |
| 9:03 | kingrog · age_up feudal |
| 9:12 | kingrog · first_building Archery Range |
| 9:22 | kingrog · wall_segment Palisade Wall x5 |
| 9:24 | [KNOBI]Faultier321 · age_up feudal |
| 9:26 | [KNOBI]Faultier321 · first_building Archery Range |
| 9:31 | doncath44 · wall_segment Palisade Wall x7 |
| 9:35 | doncath44 · wall_segment Palisade Wall x5 |
| 9:36 | JohnnyHeatrs · wall_segment Palisade Wall x14 |
| 9:38 | doncath44 · wall_segment Palisade Wall x8 |
| 9:40 | Osman1453 · first_building Barracks |
| 9:41 | doncath44 · wall_segment Palisade Wall x3 |
| 10:06 | Moe · age_up feudal |
| 10:06 | TheAurelSan · wall_segment Palisade Wall x9 |
| 10:20 | Moe · first_building Stable |
| 10:23 | doncath44 · wall_segment Palisade Wall x7 |
| 10:32 | kingrog · wall_segment Palisade Wall x18 |
| 10:39 | kingthom · wall_segment Palisade Wall x9 |
| 10:45 | kingthom · first_building Barracks |
| 10:47 | TheAurelSan · first_building Archery Range |
| 10:59 | doncath44 · age_up feudal |
| 10:59 | Osman1453 · wall_segment Palisade Wall x18 |
| 11:10 | [KNOBI]Faultier321 · wall_segment Palisade Wall x16 |
| 11:12 | Osman1453 · wall_segment Palisade Wall x7 |
| 11:20 | kingthom · age_up feudal |
| 11:20 | JohnnyHeatrs · wall_segment Palisade Wall x5 |
| 11:24 | doncath44 · first_building Archery Range |
| 11:29 | Osman1453 · wall_segment Palisade Wall x12 |
| 11:32 | [KNOBI]Faultier321 · wall_segment Palisade Wall x4 |
| 11:45 | kingthom · first_building Stable |
| 11:51 | Osman1453 · wall_segment Palisade Wall x12 |
| 12:13 | doncath44 · wall_segment Palisade Wall x1 |
| 12:15 | kingrog · wall_segment Palisade Wall x4 |
| 12:16 | Osman1453 · age_up feudal |
| 12:24 | kingthom · wall_segment Stone Wall x16 |
| 12:53 | Osman1453 · wall_segment Palisade Wall x1 |
| 13:02 | Osman1453 · wall_segment Palisade Wall x5 |
| 13:24 | doncath44 · wall_segment Palisade Wall x6 |
| 13:28 | doncath44 · wall_segment Palisade Wall x7 |
| 13:32 | doncath44 · wall_segment Palisade Wall x1 |
| 13:37 | kingthom · wall_segment Stone Wall x8 |
| 13:38 | Osman1453 · wall_segment Palisade Wall x1 |
| 14:03 | doncath44 · wall_segment Palisade Wall x6 |
| 14:07 | doncath44 · wall_segment Palisade Wall x13 |
| 14:08 | doncath44 · wall_segment Palisade Wall x1 |
| 14:08 | kingthom · wall_segment Stone Wall x8 |
| 14:45 | TheAurelSan · wall_segment Palisade Wall x1 |
| 14:48 | Osman1453 · first_building Stable |
| 14:49 | JohnnyHeatrs · wall_segment Palisade Wall x22 |
| 14:52 | JohnnyHeatrs · wall_segment Palisade Wall x9 |
| 15:58 | JohnnyHeatrs · first_market_buy 100 stone |
| 16:06 | JohnnyHeatrs · first_building Castle |
| 16:26 | Moe · wall_segment Stone Wall x8 |
| 16:32 | Moe · wall_segment Stone Wall x9 |
| 16:57 | [KNOBI]Faultier321 · wall_segment Palisade Wall x1 |
| 17:49 | kingrog · wall_segment Palisade Wall x1 |
| 18:59 | Osman1453 · age_up castle |
| 19:26 | TheAurelSan · wall_segment Palisade Wall x1 |
| 19:31 | Moe · wall_segment Stone Wall x1 |
| 19:54 | [KNOBI]Faultier321 · wall_segment Palisade Wall x1 |
| 20:03 | kingthom · first_market_buy 100 food |
| 20:31 | kingthom · wall_segment Stone Wall x21 |
| 20:32 | Moe · wall_segment Stone Wall x8 |
| 20:57 | [KNOBI]Faultier321 · age_up castle |
| 21:50 | Moe · wall_segment Palisade Wall x5 |
| 22:09 | Osman1453 · wall_segment Palisade Wall x11 |
| 22:28 | [KNOBI]Faultier321 · wall_segment Palisade Wall x1 |
| 22:55 | kingthom · age_up castle |
| 23:22 | doncath44 · first_market_sell 100 wood |
| 23:23 | JohnnyHeatrs · first_building Barracks |
| 23:42 | Moe · age_up castle |
| 25:50 | kingrog · age_up castle |
| 26:13 | JohnnyHeatrs · first_building Siege Workshop |
| 26:22 | Moe · wall_segment Palisade Wall x2 |
| 26:34 | Moe · wall_segment Palisade Wall x1 |
| 26:34 | Osman1453 · wall_segment Stone Wall x1 |
| 26:44 | JohnnyHeatrs · wall_segment Stone Wall x15 |
| 27:01 | doncath44 · age_up castle |
| 27:18 | Osman1453 · wall_segment Stone Wall x4 |
| 27:34 | Osman1453 · wall_segment Stone Wall x1 |
| 28:17 | Osman1453 · wall_segment Stone Wall x15 |
| 30:25 | kingrog · first_market_buy 100 wood |
| 30:37 | Moe · first_building Castle |
| 31:01 | kingrog · first_building Castle |
| 31:22 | Osman1453 · wall_segment Stone Wall x1 |
| 31:22 | kingrog · first_market_sell 100 food |
| 31:45 | Osman1453 · first_building Siege Workshop |
| 31:49 | doncath44 · first_market_buy 100 stone |
| 31:54 | JohnnyHeatrs · first_building Stable |
| 32:25 | TheAurelSan · first_building Siege Workshop |
| 32:44 | TheAurelSan · first_building Castle |
| 32:52 | Osman1453 · wall_segment Stone Wall x21 |
| 33:03 | [KNOBI]Faultier321 · first_market_buy 100 stone |
| 33:04 | Osman1453 · first_building Monastery |
| 33:05 | [KNOBI]Faultier321 · first_building Monastery |
| 33:11 | [KNOBI]Faultier321 · first_building Siege Workshop |
| 33:48 | kingrog · first_building Siege Workshop |
| 33:58 | [KNOBI]Faultier321 · wall_segment Stone Wall x1 |
| 34:23 | Osman1453 · first_building Castle |
| 35:20 | [KNOBI]Faultier321 · first_market_sell 100 food |
| 35:57 | kingthom · first_building Monastery |
| 36:02 | Moe · first_building Archery Range |
| 36:22 | [KNOBI]Faultier321 · first_building Castle |
| 36:35 | Moe · age_up imperial |
| 37:25 | Osman1453 · age_up imperial |
| 38:22 | [KNOBI]Faultier321 · age_up imperial |
| 39:19 | doncath44 · resign |
[ AI ANALYSIS · 1 CREDIT ]
What really happened in this match?
Wolo.gg analyzes every decision: build order, eco, micro, common mistakes by bracket. Personalized analysis on WhatsApp or Discord in 30 seconds.
Civ guide
Franks
Perfil
Jugador #1820113